 Seeded DCSS version 0.30-a0-779-g7971cf19c3 (webtiles) character file.

Game seed: 8796237800415217726 (custom seed)

98 BigDaddyOpFi the Digger (level 4, 0/24 HPs)
             Began as a Deep Elf Earth Elementalist on Feb 17, 2023.
             Splashed by a jelly's acid (10 damage)
             ... on level 4 of the Dungeon.
             The game lasted 00:02:48 (2464 turns).

BigDaddyOpFi the Digger (DEEE)                      Turns: 2464, Time: 00:02:49

Health: 0/24       AC:  5    Str:  5    XL:     4   Next: 44%
Magic:  11/11      EV: 13    Int: 22    God:
Gold:   1885       SH:  0    Dex: 15    Spells: 6/10 levels left

rFire   . . .      SeeInvis +    f - +1 short sword (speed)
rCold   . . .      Faith    .    (no shield)
rNeg    . . .      Spirit   .    a - +0 robe
rPois   .          Reflect  .    (no helmet)
rElec   .          Harm     .    r - +2 cloak of the Thief {*Fog Slay-2 SInv Stlth+}
rCorr   .          Rampage  .    (no gloves)
Will    .....                    (no boots)
Stlth   +++                      k - amulet of regeneration
HPRegen 1.04/turn                (no ring)
MPRegen 0.12/turn                (no ring)

@: no status effects
A: no striking features
a: no special abilities


You were on level 4 of the Dungeon.
You visited 1 branch of the dungeon, and saw 4 of its levels.

You collected 2327 gold pieces.
You spent 442 gold pieces at shops.

Inventory:

Hand Weapons
 f - a +1 short sword of speed (weapon)
Armour
 a - a +0 robe (worn)
 r - the +2 cloak of the Thief (worn) {*Fog Slay-2 SInv Stlth+}
   (You bought it in a shop on level 2 of the Dungeon)

   *Fog:      It may release a thick cloud of smoke when the wearer is hurt.
   Slay:      It affects your accuracy & damage with ranged weapons and melee
   (-2).
   SInv:      It lets you see invisible.
   Stlth:     It makes you more stealthy.
Jewellery
 k - an amulet of regeneration (around neck)
Wands
 u - a wand of paralysis (10)
Scrolls
 g - a scroll of teleportation {unknown}
 h - 3 scrolls of noise {unknown}
 m - 5 scrolls of identify {unknown}
 n - a scroll of torment {unknown}
 o - a scroll of vulnerability {unknown}
 q - a scroll of magic mapping {unknown}
 s - a scroll of immolation {unknown}
 t - a scroll of enchant weapon {unknown}
 v - 2 scrolls of poison {unknown}
 w - a scroll of enchant armour {unknown}
Potions
 b - 2 potions of magic
 c - a potion of curing
 d - 2 potions of attraction {unknown}
 e - 2 potions of berserk rage {unknown}
 i - a potion of mutation {unknown}
 j - a potion of lignification {unknown}
 l - a potion of invisibility {unknown}
 p - 3 potions of brilliance {unknown}


   Skills:
 + Level 3.3 Dodging
 + Level 3.4 Stealth
 + Level 3.9 Spellcasting
 + Level 1.1 Conjurations
 - Level 1.7 Transmutations
 + Level 3.9 Earth Magic


You had 6 spell levels left.
You knew the following spells:

 Your Spells              Type           Power      Damage    Failure   Level
a - Sandblast             Erth           42%        2d11      2%          1
b - Stone Arrow           Conj/Erth      30%        3d8       12%         3

Your spell library contained the following spells:

 Spells                   Type           Power      Damage    Failure   Level
 Passwall                 Tmut/Erth      13%        N/A       5%          2
 Ensorcelled Hibernation  Hex/Ice        8%         N/A       17%         2
 Spider Form              Tmut/Pois      8%         N/A       24%         3
 Petrify                  Tmut/Erth      16%        N/A       34%         4
 Anguish                  Hex/Necr       2%         N/A       75%         4


Dungeon Overview and Level Annotations

Branches:
Dungeon (4/15)
 Temple: D:4-7

Altars:

Shops:
D:1 :   D:2 *


Message History

You kill the adder!
No target in view!
You can't see any susceptible monsters within range! (Use Z to cast anyway.) No target in view!
m - 5 scrolls labelled TEFIUWKEB EWNI (gained 1)
You see here an adder corpse.
An adder and a jelly come into view.
The adder moves out of view.
A jelly is nearby!
A jelly is nearby!
An adder comes into view.
The adder hisses angrily.
An orc wizard comes into view.
It is wielding a +0 dagger and wearing a +0 robe of cold resistance.
An orc priest comes into view.
It is wielding a +0 morningstar of holy wrath.
You see here a ruby potion.
There are monsters nearby!
You can't see any susceptible monsters within range! (Use Z to cast anyway.) 2 orcs and a goblin come into view.
The goblin moves out of view.
The blast of sand misses the adder.
The jelly quivers.
The orc shouts! x2; The orc priest shouts!
A giant cockroach comes into view.
You hit the adder but do no damage. The adder closely misses you.
It was a potion of curing.
You feel better. The adder bites you.
You are poisoned.
The adder poisons you!
You feel sick.
You feel sick.
You feel sick. The adder bites you. The adder misses you.
The jelly attacks as you move away! The jelly closely misses you.
You feel sick.
You are no longer poisoned.
The jelly attacks as you move away! The jelly hits you.
You are splashed with acid!
The adder attacks as you move away! The adder bites you but does no damage.
The orc priest looks encouraged for a moment.
The jelly attacks as you move away! The jelly hits you.
You are splashed with acid!
You die...

.....# .....### ....... ###
######## .....#.### #.#
##......##
.....#...###.###........## ..
.|...##.............†....#...
.....##..................#...
<.....##...##................
........##..###.@........##..
.)......###.# #.JS..)........
........†.#.# #...B..........
.......##.#.. #...oo.!...#...
..............#...o.........=
.......#. #..........o.......
.......#.# ##...........$.#..
........ . #.............#..
####.#.# .#...#...........#


You could see a jelly, an orc priest, an orc wizard, an adder, 2 orcs and a
giant cockroach.

Vanquished Creatures
  3 gnolls (D:2)
  2 adders
  A worm (D:2)
  6 endoplasms
  4 giant cockroaches
  4 hobgoblins
  6 jackals (D:2)
  A quokka (D:3)
  4 ball pythons
  5 bats
  3 goblins
  2 kobolds
  5 rats
46 creatures vanquished.

Notes
Turn   | Place    | Note
-------+----------+-------------------------------------------
     0 | D:1      | BigDaddyOpFi the Deep Elf Earth Elementalist began the
                  | quest for the Orb.
     0 | D:1      | Reached XP level 1. HP: 10/10 MP: 6/6
    69 | D:1      | Found Veoliky's Book Emporium.
   146 | D:1      | Identified 3 scrolls of acquirement
   146 | D:1      | Acquired 955 gold pieces
   148 | D:1      | Acquired 1169 gold pieces
   150 | D:1      | Acquired a book of Dreams
   368 | D:1      | Reached XP level 2. HP: 15/15 MP: 6/8
   746 | D:2      | Reached XP level 3. HP: 19/19 MP: 3/9
   846 | D:2      | Learned a level 3 spell: Stone Arrow
   874 | D:2      | Found a faded altar of an unknown god.
  1186 | D:2      | Reached XP level 4. HP: 24/24 MP: 6/11
  1408 | D:2      | Found Fuiquv's Assorted Antiques.
  1417 | D:2      | Bought the +2 cloak of the Thief {*Fog Slay-2 SInv Stlth+}
                  | for 442 gold pieces
  1417 | D:2      | Found the +2 cloak of the Thief {*Fog Slay-2 SInv Stlth+}
  1634 | D:2      | Identified the +4 hand axe "Fumm" {freeze, *Rage Dex+4}
  1984 | D:3      | Reached skill level 1 in Conjurations
  2464 | D:4      | Splashed by a jelly's acid

Illustrated notes

Levels and vault maps discovered:
D:1:      heliophobic_arrival_henge, layout_rooms, serial_shops, shop_statue
D:2:      layout_basic, serial_shops, nicolae_lakefront_shop,
          ebering_ecumenical_altar_ruins
D:3:      layout_basic
D:4:      layout_rooms, kennysheep_generic_room_4

Skill      XL: |  1  2  3  4 |
---------------+-------------+-----
Stealth        | 3 |  3.4
Dodging        | 3 |  3.3
Conjurations   | 1 |  1.1
Spellcasting   | |  3.9
Transmutations | |  1.7
Earth Magic    | |  3.9

Action                     |  1- 3 |  4- 6 || total
---------------------------+-------+-------++-------
  Melee: Short sword       |     9 |    36 ||    45
   Cast: Sandblast         |    39 |    22 ||    61
    Use: Scroll            |     3 |       ||     3
         Potion            |       |     1 ||     1
 Armour: Robe              |     9 |     8 ||    17
  Dodge: Dodged            |    21 |    27 ||    48

Table legend: (Time is in decaauts)
 A = Elapsed time spent in this place.
 B = Non-inter-level travel time spent in this place.
 C = Inter-level travel time spent in this place.
 D = Time resting spent in this place.
 E = Time spent auto-exploring this place.
 F = Levels seen in this place.
 G = Mean time per level.
                   A        B        C        D        E       F      G
               +--------+--------+--------+--------+--------+-----+--------+
         Total |   2476 |   2395 |     81 |     41 |   1987 |   4 |  619.0 |
       Dungeon |   2476 |   2395 |     81 |     41 |   1987 |   4 |  619.0 |
               +--------+--------+--------+--------+--------+-----+--------+

Top non-repeatable levels by time:
     D:2: 1243 daAuts
     D:1: 665 daAuts
     D:3: 484 daAuts
     D:4: 82 daAuts
